 Dungeon Crawl Stone Soup version 0.27.1-4-g1640c2035a (webtiles) character file.

Game seed: 9578110664305745741

63 H0rd4k the Charlatan (level 4, 0/32 HPs)
             Began as a Human Artificer on Nov 10, 2021.
             Slain by a goblin (1 damage)
             ... led by Robin
             ... on level 2 of the Dungeon.
             The game lasted 00:01:49 (1129 turns).

H0rd4k the Charlatan (Human Artificer)              Turns: 1129, Time: 00:01:50

Health: 0/32       AC:  6    Str: 14    XL:     4   Next: 30%
Magic:  4/4        EV: 11    Int: 11    God:
Gold:   16         SH:  0    Dex: 13    Spells: 3/3 levels left

rFire    . . .     SeeInvis .   g - +1 dagger (venom)
rCold    . . .     Faith    .   (no shield)
rNeg     . . .     Spirit   .   b - +0 leather armour
rPois    .         Reflect  .   (no helmet)
rElec    .         Harm     .   (no cloak)
rCorr    .         Rampage  .   (no gloves)
Will     .....                  h - +2 pair of boots
Stlth    +.........             (no amulet)
HPRegen  0.10/turn              (no ring)
MPRegen  0.09/turn              (no ring)

@: no status effects
A: no striking features
a: no special abilities


You were on level 2 of the Dungeon.
You visited 1 branch of the dungeon, and saw 2 of its levels.

You collected 16 gold pieces.

Inventory:

Hand Weapons
 g - a +1 dagger of venom (weapon)
Armour
 b - a +0 leather armour (worn)
 h - a +2 pair of boots (worn)
Wands
 c - a wand of flame (13) (quivered)
 d - a wand of charming (15)
Scrolls
 a - a scroll of enchant weapon {unknown}
 f - a scroll of blinking {unknown}
 i - a scroll of holy word {unknown}
 l - a scroll of fog {unknown}
 m - a scroll of enchant armour {unknown}
Potions
 j - 2 potions of resistance {unknown}
 k - a potion of attraction {unknown}
 n - a potion of curing {unknown}
Miscellaneous
 e - a piece from Xom's chessboard (15/15)


   Skills:
 + Level 1.3 Fighting
 + Level 0.6 Short Blades
 - Level 2.0 Armour
 + Level 1.6 Dodging
 - Level 1.0 Stealth
 + Level 4.3 Evocations


You had 3 spell levels left.
You didn't know any spells.
Your spell library was empty.

Dungeon Overview and Level Annotations

Branches:
Dungeon (2/15)

Altars:

Shops:
D:1 [:([=

Annotations:
D:2 Robin


Message History

You open the door.
You feel sick. The adder bites you. The goblin hits you but does no damage.
You feel sick.
The hobgoblin no longer looks unusually strong.
The adder closely misses you.
There is an open door here.
You hit the adder.
You kill the adder!
You feel sick.
You barely miss the endoplasm.
You feel sick. The endoplasm barely misses you. The hobgoblin hits you.
The goblin hits you but does no damage.
You hit the endoplasm.
The endoplasm is severely wounded.
You feel sick.
The goblin no longer looks unusually strong.
The hobgoblin no longer looks unusually strong.
The goblin no longer looks unusually strong.
The endoplasm freezes you.
You are frozen.
* * * LOW HITPOINT WARNING * * *
The hobgoblin hits you but does no damage.
The goblin hits you but does no damage.
You feel sick. The endoplasm completely misses you.
You feel sick.
You are no longer poisoned.
The goblin closely misses you. The goblin barely misses you.
Robin throws the goblin at you!
* * * LOW HITPOINT WARNING * * *
The goblin hits you but does no damage.
Robin roars a battlecry!
The goblins go into a battle-frenzy!
The hobgoblin hits you.
* * * LOW HITPOINT WARNING * * *
The endoplasm freezes you.
You are frozen.
* * * LOW HITPOINT WARNING * * *
You see here a +0 falchion.
The goblin hits you with a +0 dagger.
You die...

######
.....##############
.....gg)†)...!....
.#<#?#####..g..g#####..#
####.....'.g..gg@....#
#######...gJg######
#......# #......#
#......# ########


You could see Robin, an endoplasm, 4 hobgoblins and 2 goblins.

Vanquished Creatures
  A gnoll (D:1)
  An adder (D:2)
  3 dart slugs (D:1)
  3 bats (D:1)
  An endoplasm (D:1)
  A giant cockroach (D:1)
  8 goblins
  8 hobgoblins (D:1)
  2 quokkas (D:1)
  2 ball pythons
  A frilled lizard (D:1)
  2 kobolds (D:1)
  2 rats (D:1)
35 creatures vanquished.

Vanquished Creatures (others)
  A fungus (D:1)
  A plant (D:1)
2 creatures vanquished.

Grand Total: 37 creatures vanquished

Notes
Turn   | Place    | Note
-------+----------+-------------------------------------------
     0 | D:1      | H0rd4k the Human Artificer began the quest for the Orb.
     0 | D:1      | Reached XP level 1. HP: 15/15 MP: 1/1
    72 | D:1      | Found Heclurphi's Jewellery Shop.
    83 | D:1      | Reached XP level 2. HP: 7/21 MP: 2/2
   486 | D:1      | Found Nisoamn's Antique Armour Boutique.
   542 | D:1      | Found a faded altar of an unknown god.
   586 | D:1      | Reached XP level 3. HP: 26/26 MP: 3/3
   611 | D:1      | Reached skill level 4 in Evocations
   627 | D:1      | Found Ses Exat's Book Emporium.
   634 | D:1      | Found Utiog's Antique Armour Boutique.
   664 | D:1      | Found Dilijy's Weapon Boutique.
  1094 | D:2      | Noticed Robin
  1095 | D:2      | Reached XP level 4. HP: 32/32 MP: 4/4
  1127 | D:2      | HP: 1/32 [frozen (2)]
  1129 | D:2      | Slain by a goblin

Illustrated notes

Levels and vault maps discovered:
D:1:      lightli_arrival_windingriver, layout_loops_ring,
          shapermc_ecumenical_altar_acropolis, serial_shops,
          nicolae_shop_overgrown_old_shop, shop_statue, shop,
          nicolae_shop_trees, nicolae_shop_stone
D:2:      layout_basic, minmay_misc_feat_tower, grunt_ministairs_6, uniq_robin

Skill      XL: |  1  2  3 |
---------------+----------+-----
Evocations     | 4 |  4.3
Fighting       | |  1.3
Short Blades   | |  0.6
Armour         | |  2.0
Dodging        | |  1.6
Stealth        | |  1.0

Action                   |  1- 3 |  4- 6 || total
-------------------------+-------+-------++-------
Melee: Club              |     8 |       ||     8
       Dagger            |    76 |    13 ||    89
Evoke: Wand              |     2 |       ||     2
Armor: Leather armour    |    25 |    16 ||    41
Dodge: Dodged            |    52 |    11 ||    63
